[ AOE2 MATCH · #507308046 ]
UnrankedMagyars vs Mongols
Player's team · WIN
Rival team · LOSS
[ REPLAY ANALYSIS · EXTRACTED FROM THE RECORDED GAME ]
Feudal
9:33
Castle
22:03
Imperial
—
| APM avg | 34.7 |
| APM peak | 84 |
| eAPM avg | 16.3 |
| Villagers / military | 40 / 19 |
Focus
⚔️ 35.8% · 🌾 64.2%
Scout Cavalry ×5 · Mangonel ×4 · Cavalry Archer ×4 · Scorpion ×3 · Archer ×2 · Battering Ram ×1
Feudal
7:36
Castle
—
Imperial
—
| APM avg | 24.6 |
| APM peak | 45 |
| eAPM avg | 16.1 |
| Villagers / military | 41 / 4 |
Focus
⚔️ 41.8% · 🌾 58.2%
Spearman ×4
Match map
Initial resources + every placement click. Lines = walls · curves = elevation contours. ◆ gold · ⬟ stone · ● berries · ✦ relic · ◌ wall gap
Your base· Open — unwalled flank
Slayer's base· Open — unwalled flank
Smoothed initial terrain · ◌ = detected wall gap · hover for details
Inputs per minute
— santy - - Slayer
Build order — santy
110 actions detected in the replay
| 0:01 | Queue | Villager (Male) ×4 |
| 0:01 | Queue | Villager (Male) ×4 |
| 0:02 | Build | House |
| 0:04 | Build | House |
| 1:23 | Queue | Villager (Male) |
| 1:37 | Build | Lumber Camp |
| 2:06 | Queue | Villager (Male) |
| 2:33 | Queue | Villager (Male) |
| 2:52 | Queue | Villager (Male) |
| 3:04 | Queue | Villager (Male) |
| 3:31 | Queue | Villager (Male) |
| 3:53 | Build | Mill |
| 4:00 | Queue | Villager (Male) |
| 4:06 | Build | House |
| 4:11 | Build | House |
| 4:26 | Queue | Villager (Male) |
| 4:33 | Build | Palisade Wall |
| 4:48 | Queue | Villager (Male) |
| 4:48 | Queue | Villager (Male) |
| 5:39 | Build | House |
| 5:47 | Queue | Villager (Male) |
| 6:05 | Queue | Villager (Male) |
| 6:11 | Build | Palisade Wall |
| 6:22 | Build | Palisade Wall |
| 6:29 | Research | Loom |
| 6:48 | Build | House |
| 7:23 | Research | Feudal Age |
| 7:23 | Research | Feudal Age |
| 7:34 | Build | Barracks |
| 8:36 | Queue | Villager (Male) |
| 8:36 | Queue | Villager (Male) |
| 8:48 | Build | Lumber Camp |
| 9:33 | Age | Feudal Age |
| 9:33 | Queue | Villager (Male) |
| 10:17 | Build | Stable |
| 10:47 | Queue | Villager (Male) |
| 10:47 | Queue | Villager (Male) |
| 11:11 | Build | Mill |
| 11:21 | Queue | Scout Cavalry |
| 11:22 | Queue | Scout Cavalry |
| 11:50 | Queue | Villager (Male) |
| 11:51 | Queue | Villager (Male) |
| 11:51 | Queue | Villager (Male) |
| 12:21 | Research | Double-Bit Axe |
| 12:27 | Build | Farm |
| 12:27 | Build | Farm |
| 12:28 | Build | Farm |
| 12:29 | Build | Farm |
| 12:40 | Queue | Villager (Male) |
| 12:44 | Queue | Scout Cavalry |
| 12:44 | Queue | Scout Cavalry |
| 13:01 | Build | House |
| 13:26 | Queue | Scout Cavalry |
| 14:03 | Queue | Villager (Male) |
| 14:04 | Queue | Villager (Male) |
| 14:07 | Build | Farm |
| 14:07 | Build | Farm |
| 14:36 | Build | Farm |
| 14:37 | Build | Farm |
| 14:42 | Queue | Villager (Male) |
| 14:58 | Build | House |
| 14:59 | Build | House |
| 15:43 | Queue | Villager (Male) |
| 15:44 | Queue | Villager (Male) |
| 15:49 | Build | Lumber Camp |
| 16:15 | Build | Mining Camp |
| 16:55 | Queue | Villager (Male) |
| 16:56 | Queue | Villager (Male) |
| 17:03 | Build | Blacksmith |
| 17:07 | Build | Market |
| 17:16 | Build | Farm |
| 17:16 | Build | Farm |
| 17:32 | Build | Watch Tower |
| 17:51 | Build | Farm |
| 17:53 | Queue | Villager (Male) |
| 18:16 | Build | Archery Range |
| 18:19 | Queue | Villager (Male) |
| 18:31 | Build | Farm |
| 18:42 | Build | Palisade Wall |
| 18:48 | Queue | Villager (Male) |
| 18:52 | Build | Farm |
| 19:23 | Research | Castle Age |
| 19:23 | Research | Castle Age |
| 19:32 | Build | Mining Camp |
| 19:34 | Queue | Archer |
| 19:35 | Queue | Archer |
| 19:39 | Build | House |
| 19:40 | Build | House |
| 20:31 | Build | Farm |
| 20:32 | Build | Farm |
| 20:32 | Build | Farm |
| 21:03 | Build | Lumber Camp |
| 22:03 | Age | Castle Age |
| 22:05 | Build | Town Center |
| 22:10 | Build | Siege Workshop |
| 22:15 | Research | Fletching |
| 22:23 | Queue | Cavalry Archer |
| 22:24 | Queue | Cavalry Archer |
| 22:31 | Queue | Villager (Male) |
| 22:47 | Build | Palisade Wall |
| 22:53 | Queue | Battering Ram |
| 22:58 | Queue | Scorpion |
| 22:58 | Queue | Scorpion |
| 22:58 | Queue | Scorpion |
| 23:14 | Queue | Cavalry Archer |
| 23:23 | Queue | Mangonel |
| 23:23 | Queue | Mangonel |
| 23:23 | Queue | Mangonel |
| 23:47 | Queue | Mangonel |
| 24:01 | Queue | Cavalry Archer |
Build order — Slayer
130 actions detected in the replay
| 0:00 | Queue | Villager (Male) |
| 0:01 | Queue | Villager (Male) |
| 0:02 | Build | House |
| 0:03 | Build | House |
| 0:19 | Queue | Villager (Male) |
| 0:19 | Queue | Villager (Male) |
| 0:20 | Queue | Villager (Male) |
| 1:22 | Queue | Villager (Male) |
| 1:23 | Queue | Villager (Male) |
| 2:02 | Queue | Villager (Male) |
| 2:02 | Queue | Villager (Male) |
| 2:18 | Queue | Villager (Male) |
| 2:18 | Queue | Villager (Male) |
| 2:43 | Build | Lumber Camp |
| 2:50 | Queue | Villager (Male) |
| 2:50 | Queue | Villager (Male) |
| 2:51 | Queue | Villager (Male) |
| 2:51 | Queue | Villager (Male) |
| 3:21 | Queue | Villager (Male) |
| 3:21 | Queue | Villager (Male) |
| 3:32 | Build | House |
| 4:09 | Queue | Villager (Male) |
| 4:09 | Research | Loom |
| 4:45 | Build | Mill |
| 5:25 | Research | Feudal Age |
| 5:25 | Research | Feudal Age |
| 6:16 | Queue | Villager (Male) |
| 6:37 | Build | Mining Camp |
| 7:36 | Age | Feudal Age |
| 7:40 | Build | Watch Tower |
| 8:02 | Queue | Villager (Male) |
| 8:11 | Build | Watch Tower |
| 8:57 | Build | Watch Tower |
| 9:13 | Queue | Villager (Male) |
| 9:14 | Queue | Villager (Male) |
| 9:44 | Build | Palisade Wall |
| 9:47 | Build | Palisade Wall |
| 9:52 | Build | Palisade Wall |
| 9:52 | Build | Palisade Wall |
| 9:53 | Build | Palisade Wall |
| 9:55 | Build | Palisade Wall |
| 9:58 | Build | Palisade Wall |
| 9:59 | Build | Palisade Wall |
| 10:00 | Build | Palisade Wall |
| 10:00 | Build | Palisade Wall |
| 10:01 | Build | Palisade Wall |
| 10:02 | Build | Palisade Wall |
| 10:03 | Build | Palisade Wall |
| 10:04 | Build | Palisade Wall |
| 10:05 | Build | Palisade Wall |
| 10:05 | Queue | Villager (Male) |
| 10:06 | Queue | Villager (Male) |
| 10:06 | Queue | Villager (Male) |
| 10:43 | Build | Palisade Wall |
| 10:44 | Build | Palisade Wall |
| 10:45 | Build | Palisade Wall |
| 10:46 | Build | Palisade Wall |
| 10:47 | Build | Palisade Wall |
| 10:48 | Build | Palisade Wall |
| 10:50 | Build | Palisade Wall |
| 10:51 | Build | Palisade Wall |
| 11:03 | Build | House |
| 11:29 | Queue | Villager (Male) |
| 11:40 | Build | Mill |
| 11:44 | Queue | Villager (Male) |
| 12:37 | Build | Palisade Wall |
| 13:08 | Build | Palisade Wall |
| 13:09 | Queue | Villager (Male) |
| 13:09 | Queue | Villager (Male) |
| 13:13 | Research | Double-Bit Axe |
| 13:14 | Research | Horse Collar |
| 13:30 | Build | Palisade Wall |
| 13:31 | Build | Palisade Wall |
| 13:32 | Build | Palisade Wall |
| 13:33 | Build | Palisade Wall |
| 13:35 | Build | Palisade Wall |
| 13:36 | Build | Palisade Wall |
| 13:36 | Build | Palisade Wall |
| 13:37 | Build | Palisade Wall |
| 13:39 | Build | Palisade Wall |
| 13:39 | Build | Palisade Wall |
| 13:41 | Build | Palisade Wall |
| 13:58 | Build | Palisade Wall |
| 13:58 | Build | Palisade Wall |
| 14:03 | Queue | Villager (Male) |
| 14:11 | Build | Barracks |
| 14:16 | Queue | Villager (Male) |
| 14:37 | Build | Lumber Camp |
| 14:42 | Build | Lumber Camp |
| 14:49 | Queue | Villager (Male) |
| 14:57 | Build | House |
| 14:59 | Queue | Spearman |
| 15:09 | Build | Palisade Wall |
| 15:16 | Build | House |
| 15:25 | Build | House |
| 15:29 | Build | Palisade Wall |
| 15:48 | Queue | Spearman |
| 16:07 | Build | Palisade Gate |
| 16:18 | Queue | Spearman |
| 16:30 | Build | Farm |
| 17:09 | Build | Palisade Wall |
| 17:13 | Build | Palisade Wall |
| 17:16 | Build | Palisade Wall |
| 17:26 | Queue | Spearman |
| 17:28 | Queue | Villager (Male) |
| 17:31 | Build | Farm |
| 17:31 | Build | Farm |
| 18:00 | Build | Farm |
| 18:03 | Build | Farm |
| 18:09 | Build | Farm |
| 18:10 | Queue | Villager (Male) |
| 18:33 | Queue | Villager (Male) |
| 18:39 | Build | Farm |
| 18:41 | Build | Farm |
| 18:43 | Build | Farm |
| 18:47 | Build | Farm |
| 18:51 | Build | Farm |
| 18:59 | Queue | Villager (Male) |
| 19:06 | Build | Farm |
| 20:23 | Build | Watch Tower |
| 20:37 | Build | Blacksmith |
| 20:46 | Queue | Villager (Male) |
| 20:46 | Queue | Villager (Male) |
| 20:57 | Build | Mining Camp |
| 21:04 | Queue | Villager (Male) |
| 21:30 | Research | Fletching |
| 21:33 | Queue | Villager (Male) |
| 22:01 | Build | Market |
| 22:15 | Queue | Villager (Male) |
| 22:51 | Research | Castle Age |
Match timeline
| 4:33 | santy · wall_segment Palisade Wall x1 |
| 6:11 | santy · wall_segment Palisade Wall x9 |
| 6:22 | santy · wall_segment Palisade Wall x4 |
| 7:34 | santy · first_building Barracks |
| 7:36 | Slayer · age_up feudal |
| 9:33 | santy · age_up feudal |
| 9:44 | Slayer · wall_segment Palisade Wall x1 |
| 9:47 | Slayer · wall_segment Palisade Wall x1 |
| 9:52 | Slayer · wall_segment Palisade Wall x1 |
| 9:52 | Slayer · wall_segment Palisade Wall x1 |
| 9:53 | Slayer · wall_segment Palisade Wall x1 |
| 9:55 | Slayer · wall_segment Palisade Wall x1 |
| 9:58 | Slayer · wall_segment Palisade Wall x1 |
| 9:59 | Slayer · wall_segment Palisade Wall x1 |
| 10:00 | Slayer · wall_segment Palisade Wall x1 |
| 10:00 | Slayer · wall_segment Palisade Wall x1 |
| 10:01 | Slayer · wall_segment Palisade Wall x1 |
| 10:02 | Slayer · wall_segment Palisade Wall x1 |
| 10:03 | Slayer · wall_segment Palisade Wall x1 |
| 10:04 | Slayer · wall_segment Palisade Wall x1 |
| 10:05 | Slayer · wall_segment Palisade Wall x1 |
| 10:17 | santy · first_building Stable |
| 10:43 | Slayer · wall_segment Palisade Wall x1 |
| 10:44 | Slayer · wall_segment Palisade Wall x1 |
| 10:45 | Slayer · wall_segment Palisade Wall x1 |
| 10:46 | Slayer · wall_segment Palisade Wall x1 |
| 10:47 | Slayer · wall_segment Palisade Wall x1 |
| 10:48 | Slayer · wall_segment Palisade Wall x1 |
| 10:50 | Slayer · wall_segment Palisade Wall x1 |
| 10:51 | Slayer · wall_segment Palisade Wall x1 |
| 12:37 | Slayer · wall_segment Palisade Wall x1 |
| 13:08 | Slayer · wall_segment Palisade Wall x3 |
| 13:30 | Slayer · wall_segment Palisade Wall x1 |
| 13:31 | Slayer · wall_segment Palisade Wall x1 |
| 13:32 | Slayer · wall_segment Palisade Wall x1 |
| 13:33 | Slayer · wall_segment Palisade Wall x1 |
| 13:35 | Slayer · wall_segment Palisade Wall x1 |
| 13:36 | Slayer · wall_segment Palisade Wall x1 |
| 13:36 | Slayer · wall_segment Palisade Wall x1 |
| 13:37 | Slayer · wall_segment Palisade Wall x1 |
| 13:39 | Slayer · wall_segment Palisade Wall x1 |
| 13:39 | Slayer · wall_segment Palisade Wall x1 |
| 13:41 | Slayer · wall_segment Palisade Wall x1 |
| 13:58 | Slayer · wall_segment Palisade Wall x1 |
| 13:58 | Slayer · wall_segment Palisade Wall x1 |
| 14:11 | Slayer · first_building Barracks |
| 15:09 | Slayer · wall_segment Palisade Wall x1 |
| 15:29 | Slayer · wall_segment Palisade Wall x1 |
| 17:09 | Slayer · wall_segment Palisade Wall x1 |
| 17:13 | Slayer · wall_segment Palisade Wall x1 |
| 17:16 | Slayer · wall_segment Palisade Wall x1 |
| 18:16 | santy · first_building Archery Range |
| 18:42 | santy · wall_segment Palisade Wall x2 |
| 21:34 | santy · first_market_buy 100 stone |
| 22:03 | santy · age_up castle |
| 22:10 | santy · first_building Siege Workshop |
| 22:47 | santy · wall_segment Palisade Wall x13 |
| 22:48 | Slayer · first_market_sell 100 food |
| 23:18 | santy · first_market_sell 100 food |
| 24:06 | Slayer · resign |
[ AI ANALYSIS · 1 CREDIT ]
What really happened in this match?
Wolo.gg analyzes every decision: build order, eco, micro, common mistakes by bracket. Personalized analysis on WhatsApp or Discord in 30 seconds.
Civ guide
Magyars
Perfil
santy